ACL
ACL BOSTON RED SOX @ ACL CHICAGO (A) WHITE SOX
05/09/2042
 
TOP OF THE 1ST
ACL Boston Red Sox batting - Pitching for ACL Chicago (A) White Sox : RHP Billy Johnston
Pitching: RHP Billy Johnston
Batting: RHB Tim Pope 0-0: Called Strike
0-1: Ball
1-1: Foul Ball, location: 2LF
1-2: Ball
2-2: Ball
3-2: Strikes out swinging
Batting: RHB Iván Alvarado 0-0: Bunt for hit to 13 - play at first, batter safe!
Batting: RHB Bob Jackson 0-0: Ball
Iván Alvarado steals 2nd base (no throw)
1-0: Ball
2-0: Called Strike
2-1: Ball
3-1: Foul Ball, location: 2F
3-2: Ground out 1-3 (Groundball, 34S, EV 64.4 MPH)
Batting: RHB Rob Wilson 0-0: Called Strike
0-1: SINGLE (Groundball, 6MS, EV 73.1 MPH) (infield hit)
Iván Alvarado to third
Batting: RHB Ben Kessler 0-0: Ball
1-0: Called Strike
1-1: Swinging Strike
1-2: Ball
2-2: Strikes out looking
Top of the 1st over - 0 runs, 2 hits, 0 errors, 2 left on base; ACL Boston 0 - ACL Chicago (A) 0
BOTTOM OF THE 1ST
ACL Chicago (A) White Sox batting - Pitching for ACL Boston Red Sox : LHP Clint Middleton
Pitching: LHP Clint Middleton
Batting: RHB José Carlos Colón 0-0: Swinging Strike
0-1: Called Strike
0-2: Ball
1-2: Strikes out swinging
Batting: RHB Tony Castro 0-0: Called Strike
0-1: Ball
1-1: Ball
2-1: Ball
3-1: Base on Balls
Batting: LHB Sid Wilkerson 0-0: Ball
1-0: Called Strike
1-1: Called Strike
1-2: Ball
2-2: Grounds into double play, 6-4-3 (Groundball, 6, EV 86.9 MPH)
Bottom of the 1st over - 0 runs, 0 hits, 0 errors, 0 left on base; ACL Boston 0 - ACL Chicago (A) 0
TOP OF THE 2ND
ACL Boston Red Sox batting - Pitching for ACL Chicago (A) White Sox : RHP Billy Johnston
Batting: SHB Sean Curl 0-0: Called Strike
0-1: Ball
1-1: Called Strike
1-2: Ball
2-2: Strikes out looking
Batting: LHB Kieran Hayes 0-0: Called Strike
0-1: Ball
1-1: Ball
2-1: Foul Ball, location: 3FF
2-2: Ball
3-2: Foul Ball, location: 9LSF
3-2: Foul Ball, location: 5FF
3-2: Foul Ball, location: 3F
3-2: Foul Ball, location: 5SF
3-2: Strikes out swinging
Batting: RHB Rex Mullins 0-0: Called Strike
0-1: Ball
1-1: Ball
2-1: Foul Ball, location: 2F
2-2: Strikes out swinging
Top of the 2nd over - 0 runs, 0 hits, 0 errors, 0 left on base; ACL Boston 0 - ACL Chicago (A) 0
BOTTOM OF THE 2ND
ACL Chicago (A) White Sox batting - Pitching for ACL Boston Red Sox : LHP Clint Middleton
Batting: RHB Bedric Garosh 0-0: Ball
1-0: Ball
2-0: Called Strike
2-1: Called Strike
2-2: Foul Ball, location: 3F
2-2: Ball
3-2: Base on Balls
Batting: RHB Junior Baker 0-0: Ball
1-0: Ball
2-0: 2-RUN HOME RUN (Line Drive, 7D, EV 98.1 MPH), Distance : 380 ft
Batting: RHB Dave Martin 0-0: Ball
1-0: Ball
2-0: Called Strike
2-1: Foul Ball, location: 9LSF
2-2: Ball
3-2: SINGLE (Groundball, 4MS, EV 62.5 MPH) (infield hit)
Batting: LHB Steve Crews 0-0: Bunted foul
0-1: Ball
Dave Martin steals 2nd base
1-1: Bunted foul
1-2: SINGLE (Groundball, 34D, EV 95.0 MPH)
Dave Martin to third
Runner from 3rd tries for Home, SAFE, throw by RF to home
Batting: RHB Raúl Rivero 0-0: Swinging Strike
0-1: Ball
1-1: Foul Ball, location: 2F
1-2: Fly out, F7 (Flyball, 7D, EV 87.5 MPH)
Batting: RHB Eric Medford 0-0: Called Strike
0-1: Foul Ball, location: 3DF
0-2: Strikes out swinging
Batting: RHB José Carlos Colón 0-0: Ball
1-0: Foul Ball, location: 9LDF
1-1: Swinging Strike
1-2: Ball
2-2: Ball
3-2: Base on Balls
Steve Crews to second
Batting: RHB Tony Castro 0-0: Called Strike
0-1: Foul Ball, location: 2F
0-2: Foul Ball, location: 25F
0-2: Foul Ball, location: 2F
0-2: Fly out, F8 (Line Drive, 78M, EV 100.6 MPH)
Bottom of the 2nd over - 3 runs, 3 hits, 0 errors, 2 left on base; ACL Boston 0 - ACL Chicago (A) 3
TOP OF THE 3RD
ACL Boston Red Sox batting - Pitching for ACL Chicago (A) White Sox : RHP Billy Johnston
Batting: LHB Safe-eldin Kiume 0-0: Ball
1-0: Called Strike
1-1: Called Strike
1-2: Strikes out looking
Batting: RHB Tim Pope 0-0: Ball
1-0: Ball
2-0: Foul Ball, location: 5F
2-1: Ball
3-1: Base on Balls
Batting: RHB Iván Alvarado 0-0: Ball
Tim Pope steals 2nd base
1-0: Ball
2-0: Sac Bunt to 3S - play at first, batter OUT! 3-4
Tim Pope to third
Batting: RHB Bob Jackson 0-0: Ball
1-0: Ball
2-0: Ball
3-0: Called Strike
3-1: Base on Balls
Batting: RHB Rob Wilson 0-0: Bunt missed!
0-1: Ball
1-1: Ball
2-1: Swinging Strike
2-2: Strikes out swinging
Top of the 3rd over - 0 runs, 0 hits, 0 errors, 2 left on base; ACL Boston 0 - ACL Chicago (A) 3
BOTTOM OF THE 3RD
ACL Chicago (A) White Sox batting - Pitching for ACL Boston Red Sox : LHP Clint Middleton
Batting: LHB Sid Wilkerson 0-0: Ball
1-0: Ball
2-0: Ball
3-0: Base on Balls
Batting: RHB Bedric Garosh 0-0: Called Strike
0-1: Ball
1-1: Swinging Strike
1-2: Strikes out swinging
Batting: RHB Junior Baker 0-0: Ball
1-0: Foul Ball, location: 2F
1-1: Foul Ball, location: 5F
1-2: Grounds into double play, 4-6-3 (Groundball, 34D, EV 82.5 MPH)
Bottom of the 3rd over - 0 runs, 0 hits, 0 errors, 0 left on base; ACL Boston 0 - ACL Chicago (A) 3
TOP OF THE 4TH
ACL Boston Red Sox batting - Pitching for ACL Chicago (A) White Sox : RHP Billy Johnston
Batting: RHB Ben Kessler 0-0: Ball
1-0: Ball
2-0: Foul Ball, location: 2F
2-1: Swinging Strike
2-2: Strikes out swinging
Batting: SHB Sean Curl 0-0: Ball
1-0: Ball
2-0: Foul Ball, location: 2F
2-1: Ball
3-1: Swinging Strike
3-2: Strikes out swinging
Batting: LHB Kieran Hayes 0-0: Called Strike
0-1: Foul Ball, location: 3DF
0-2: Ball
1-2: Strikes out swinging
Top of the 4th over - 0 runs, 0 hits, 0 errors, 0 left on base; ACL Boston 0 - ACL Chicago (A) 3
BOTTOM OF THE 4TH
ACL Chicago (A) White Sox batting - Pitching for ACL Boston Red Sox : LHP Clint Middleton
Batting: RHB Dave Martin 0-0: Ground out 2-3 (Groundball, 2L, EV 75.0 MPH)
Batting: LHB Steve Crews 0-0: Called Strike
0-1: Called Strike
0-2: Foul Ball, location: 23F
0-2: Strikes out looking
Batting: RHB Raúl Rivero 0-0: TRIPLE (Groundball, 5L, EV 105.0 MPH)
Batting: RHB Eric Medford 0-0: Ball
1-0: Called Strike
1-1: Called Strike
1-2: Ball
2-2: Ball
3-2: Strikes out swinging
Bottom of the 4th over - 0 runs, 1 hit, 0 errors, 1 left on base; ACL Boston 0 - ACL Chicago (A) 3
TOP OF THE 5TH
ACL Boston Red Sox batting - Pitching for ACL Chicago (A) White Sox : RHP Billy Johnston
Batting: RHB Rex Mullins 0-0: Ball
1-0: Ball
2-0: Swinging Strike
2-1: Ball
3-1: Foul Ball, location: 2F
3-2: Strikes out swinging
Batting: LHB Safe-eldin Kiume 0-0: Called Strike
0-1: Swinging Strike
0-2: Ball
1-2: Strikes out swinging
Batting: RHB Tim Pope 0-0: Foul Ball, location: 5FF
0-1: Foul Ball, location: 23F
0-2: Strikes out looking
Top of the 5th over - 0 runs, 0 hits, 0 errors, 0 left on base; ACL Boston 0 - ACL Chicago (A) 3
BOTTOM OF THE 5TH
ACL Chicago (A) White Sox batting - Pitching for ACL Boston Red Sox : LHP Clint Middleton
Batting: RHB José Carlos Colón 0-0: Ball
1-0: Ball
2-0: Ball
3-0: Called Strike
3-1: Fly out, F7 (Line Drive, 7LM, EV 83.1 MPH)
Pitching: RHP Ricky O'Quinn
Batting: RHB Tony Castro 0-0: Ball
1-0: Ball
2-0: Ball
3-0: Base on Balls
Batting: LHB Sid Wilkerson 0-0: Called Strike
0-1: Ball
1-1: Foul Ball, location: 2F
1-2: Ball
2-2: Ball
3-2: Foul Ball, location: 7LMF
3-2: Base on Balls
Tony Castro to second
Batting: RHB Bedric Garosh 0-0: Called Strike
0-1: Foul Ball, location: 2F
0-2: Strikes out swinging
Batting: RHB Junior Baker 0-0: Ball
1-0: Ball
2-0: Foul Ball, location: 9LSF
2-1: Foul Ball, location: 3SF
2-2: Ball
3-2: Foul Ball, location: 2F
3-2: Base on Balls
Tony Castro to third
Sid Wilkerson to second
Batting: RHB Dave Martin 0-0: Ball
1-0: Ball
2-0: Called Strike
2-1: Called Strike
2-2: Strikes out swinging
Bottom of the 5th over - 0 runs, 0 hits, 0 errors, 3 left on base; ACL Boston 0 - ACL Chicago (A) 3
TOP OF THE 6TH
ACL Boston Red Sox batting - Pitching for ACL Chicago (A) White Sox : RHP Billy Johnston
Batting: RHB Iván Alvarado 0-0: Called Strike
0-1: Foul Ball, location: 2F
0-2: Ball
1-2: Ball
2-2: Foul Ball, location: 25F
2-2: Strikes out swinging
Batting: RHB Bob Jackson 0-0: Ground out U3 (Groundball, 3, EV 101.9 MPH)
Batting: RHB Rob Wilson 0-0: Called Strike
0-1: Swinging Strike
0-2: Foul Ball, location: 2F
0-2: Ball
1-2: Ball
2-2: Strikes out swinging
Top of the 6th over - 0 runs, 0 hits, 0 errors, 0 left on base; ACL Boston 0 - ACL Chicago (A) 3
BOTTOM OF THE 6TH
ACL Chicago (A) White Sox batting - Pitching for ACL Boston Red Sox : RHP Ricky O'Quinn
Batting: LHB Steve Crews 0-0: Ball
1-0: SOLO HOME RUN (Flyball, 89XD, EV 110.0 MPH), Distance : 441 ft
Batting: RHB Raúl Rivero 0-0: Called Strike
0-1: Ball
1-1: Called Strike
1-2: Ball
2-2: Ball
3-2: Foul Ball, location: 3DF
3-2: Base on Balls
Pitching: RHP Jeremy Brown
Batting: RHB Eric Medford 0-0: Bunted foul
0-1: Bunted foul
0-2: Foul Ball, location: 3FF
0-2: Ball
1-2: SINGLE (Line Drive, 89S, EV 97.5 MPH)
Raúl Rivero to second
Batting: RHB José Carlos Colón 0-0: Foul Ball, location: 9LDF
0-1: Bunted foul
0-2: Ball
1-2: Ball
2-2: Ball
3-2: Foul Ball, location: 2F
3-2: Base on Balls
Raúl Rivero to third
Eric Medford to second
Batting: RHB Tony Castro 0-0: Foul Ball, location: 7LMF
0-1: Ball
1-1: Foul Ball, location: 5FF
1-2: Fly out, F4 (Flyball, 34D, EV 91.3 MPH)
Batting: LHB Sid Wilkerson 0-0: Swinging Strike
0-1: Foul Ball, location: 2F
0-2: Ball
1-2: Ball
2-2: Foul Ball, location: 2F
2-2: Ball
3-2: Strikes out swinging
Batting: RHB Bedric Garosh 0-0: Called Strike
0-1: Foul Ball, location: 23F
0-2: Fly out, F8 (Line Drive, 8RD, EV 89.4 MPH)
Bottom of the 6th over - 1 run, 2 hits, 0 errors, 3 left on base; ACL Boston 0 - ACL Chicago (A) 4
TOP OF THE 7TH
ACL Boston Red Sox batting - Pitching for ACL Chicago (A) White Sox : RHP Billy Johnston
Pitching: RHP Stan Cooper
Batting: RHB Ben Kessler 0-0: Foul Ball, location: 2F
0-1: Ball
1-1: Swinging Strike
1-2: Strikes out looking
Batting: SHB Sean Curl 0-0: Ball
1-0: Ball
2-0: Ball
3-0: Base on Balls
Batting: LHB Kieran Hayes 0-0: Fielders Choice at 2nd, 3-6 (Groundball, 34S, EV 83.8 MPH)
Batting: RHB Rex Mullins 0-0: Foul Ball, location: 9LSF
0-1: Ball
1-1: Foul Ball, location: 9LDF
1-2: Foul Ball, location: 9LMF
1-2: Strikes out looking
Top of the 7th over - 0 runs, 0 hits, 0 errors, 1 left on base; ACL Boston 0 - ACL Chicago (A) 4
BOTTOM OF THE 7TH
ACL Chicago (A) White Sox batting - Pitching for ACL Boston Red Sox : RHP Jeremy Brown
Pitching: RHP Sergio Puente
Batting: RHB Junior Baker 0-0: Ball
1-0: Called Strike
1-1: Called Strike
1-2: Ball
2-2: Foul Ball, location: 7LMF
2-2: DOUBLE (Line Drive, 89D, EV 103.8 MPH)
Pinch Hitting: LHB Albert Marrero 0-0: Ball
1-0: Ball
2-0: Ball
3-0: Base on Balls
Batting: LHB Steve Crews 0-0: Called Strike
0-1: Foul Ball, location: 3F
0-2: Ball
1-2: Foul Ball, location: 7LDF
1-2: Strikes out swinging
Pinch Hitting: LHB Bob Phillips 0-0: Ball
Junior Baker steals 3rd base
1-0: Ball
Wild Pitch!
Junior Baker scores
Albert Marrero to second
2-0: Called Strike
2-1: Foul Ball, location: 7LMF
2-2: Ground out 4-3 (Groundball, 13, EV 83.8 MPH)
Albert Marrero to third
Batting: RHB Eric Medford 0-0: Foul Ball, location: 5SF
0-1: Hit by Pitch
Batting: RHB José Carlos Colón 0-0: Ball
1-0: Ball
2-0: Swinging Strike
2-1: Ground out 4-3 (Groundball, 34S, EV 83.8 MPH)
Bottom of the 7th over - 1 run, 1 hit, 0 errors, 2 left on base; ACL Boston 0 - ACL Chicago (A) 5
TOP OF THE 8TH
ACL Boston Red Sox batting - Pitching for ACL Chicago (A) White Sox : RHP Stan Cooper
Now at 2B: Scotty Holmes
Now at 3B: Bob Phillips
Batting: LHB Safe-eldin Kiume 0-0: Foul Ball, location: 2F
0-1: Foul Ball, location: 2F
0-2: Strikes out swinging
Pinch Hitting: RHB Jorge Huerta 0-0: Ball
1-0: Foul Ball, location: 9LDF
1-1: Ball
2-1: Ground out 6-3 (Groundball, 6, EV 76.9 MPH)
Batting: RHB Iván Alvarado 0-0: Called Strike
0-1: Called Strike
0-2: Strikes out swinging
Top of the 8th over - 0 runs, 0 hits, 0 errors, 0 left on base; ACL Boston 0 - ACL Chicago (A) 5
BOTTOM OF THE 8TH
ACL Chicago (A) White Sox batting - Pitching for ACL Boston Red Sox : RHP Sergio Puente
Now in CF: Ismael Rúbio
Batting: RHB Tony Castro 0-0: Swinging Strike
0-1: Ball
1-1: Foul Ball, location: 5FF
1-2: Ball
2-2: Ball
3-2: Base on Balls
Batting: LHB Sid Wilkerson 0-0: Called Strike
0-1: Swinging Strike
0-2: Strikes out swinging
Batting: RHB Bedric Garosh 0-0: Grounds into double play, 4-6-3 (Groundball, 4, EV 100.0 MPH)
Bottom of the 8th over - 0 runs, 0 hits, 0 errors, 0 left on base; ACL Boston 0 - ACL Chicago (A) 5
TOP OF THE 9TH
ACL Boston Red Sox batting - Pitching for ACL Chicago (A) White Sox : RHP Stan Cooper
Batting: RHB Bob Jackson 0-0: Ball
1-0: Swinging Strike
1-1: Ball
2-1: Swinging Strike
2-2: Foul Ball, location: 5SF
2-2: Foul Ball, location: 2F
2-2: Ball
3-2: Strikes out swinging
Batting: RHB Rob Wilson 0-0: Called Strike
0-1: Called Strike
0-2: Ball
1-2: Ball
2-2: Strikes out swinging
Pinch Hitting: RHB José Domínguez 0-0: Ball
1-0: Swinging Strike
1-1: Foul Ball, location: 2F
1-2: Foul Ball, location: 2F
1-2: Strikes out swinging
Top of the 9th over - 0 runs, 0 hits, 0 errors, 0 left on base; ACL Boston 0 - ACL Chicago (A) 5
Monday, April 29th , 2024 - OOTP Baseball 24.10 Build 82